Map: Automaton LE

Players

Nadroj

  • Race: Protoss Protoss
  • League: Diamond
  • Spawn Location: 9:00

RyderB - Winner!

  • Race: Zerg Zerg
  • League: Diamond
  • Spawn Location: 3:00

VOD

Have the link to the VOD?

Description

Time

  • Played on: May 11, 2019, 4:39 p.m.
  • Length: 16:42
Show
View Real Time Build Order
Export as new Build Order

Nadroj Protoss 

Build Orders: 1 Gate Expand 

Get SALT Encoding   

  12  0:01  Probe  
  13  0:13  Probe  
  14  0:25  Pylon, Probe  
  15  0:43  Probe  
  15  0:47  Gateway  
  16  0:52  Probe  
  16  0:55  Assimilator  
  17  1:00  Probe  
  17  1:09  Probe  
  19  1:21  Probe  
  20  1:35  Probe  
  20  1:38  Nexus  
  21  1:57  Probe  
  21  2:00  Assimilator  
  22  2:09  Probe  
  22  2:10  Pylon  
  22  2:14  Cybernetics Core  
  23  2:28  Probe  
  24  2:35  Zealot  
  26  2:40  Pylon, Probe  
  27  3:02  Shield Battery  
  27  3:05  Forge  
  27  3:08  Pylon  
  27  3:10  Adept  
  27  3:22  Probe  
  27  3:25  Probe  
  31  3:37  Probe  
  32  3:52  Photon Cannon  
  32  3:56  Pylon  
  32  3:59  Gateway  
  32  4:02  Zealot, Warp Gate  
  34  4:03  Probe  
  34  4:07  Probe, Assimilator  
  36  4:11  Probe  
  36  4:14  Robotics Facility  
  37  4:19  Probe  
  37  4:21  Probe  
  39  4:31  Probe  
  40  4:38  Gateway  
  40  4:40  Protoss Ground Weapons Level 1, Pylon  
  40  4:41  Probe  
  40  4:43  Probe  
  42  4:46  Zealot  
  42  4:51  Stalker  
  46  4:53  Probe  
  47  5:12  Probe x2  
  49  5:16  Observer  
  49  5:20  Assimilator  
  50  5:24  Probe x2  
  52  5:35  Stalker  
  54  5:37  Immortal  
  54  5:40  Twilight Council  
  58  5:47  Pylon  
  58  5:53  Probe x2  
  60  6:01  Zealot x2  
  64  6:05  Probe  
  65  6:15  Stalker  
  67  6:23  Shield Battery  
  67  6:28  Shield Battery  
  67  6:32  Gateway  
  67  6:33  Charge  
  67  6:38  Stalker x2  
  71  6:44  Observer  
  72  7:16  Immortal  
  76  7:31  Protoss Ground Weapons Level 2  
  76  7:45  Zealot  
  76  7:49  Nexus  
  76  7:51  Pylon  
  78  7:52  Pylon  
  78  7:55  Pylon x2  
  78  7:56  Pylon  
  78  8:00  Pylon  
  78  8:03  Gateway  
  77  8:06  Gateway  
  77  8:11  Stalker x2  
  77  8:12  Stalker x2  
  78  8:31  Photon Cannon  
  78  8:33  Photon Cannon  
  74  8:40  Photon Cannon  
  74  8:42  Pylon  
  70  8:51  Observer  
  71  9:06  Stalker x5  
  81  9:17  Photon Cannon  
  81  9:18  Photon Cannon  
  81  9:21  Photon Cannon  
  77  9:24  Pylon  
  77  9:25  Shield Battery  
  77  9:29  Pylon  
  73  9:36  Blink  
  73  9:39  Pylon  
  73  9:45  Pylon  
  73  9:48  Pylon  
  73  9:49  Stalker  
  73  9:50  Stalker x5  
  85  9:58  Photon Cannon  
  85  9:59  Photon Cannon  
  85  10:11  Photon Cannon  
  85  10:12  Photon Cannon  
  85  10:14  Photon Cannon  
  85  10:29  Photon Cannon  
  85  10:31  Stalker x3  
  85  10:32  Stalker  
  93  10:38  Photon Cannon  
  91  11:11  Pylon  
  91  11:13  Stalker x3  
  91  11:14  Stalker  
  99  11:30  Stalker x2  
  103  11:33  Shield Battery  
  103  11:35  Shield Battery  
  103  11:37  Gateway  
  103  11:39  Pylon  
  103  11:41  Photon Cannon  
  103  11:45  Photon Cannon  
  103  11:52  Nexus  
  103  12:14  Protoss Ground Weapons Level 3  
  68  12:30  Stalker  
  68  12:31  Stalker x3  
  55  12:47  Stalker x3  
  61  13:03  Probe x2  
  63  13:08  Nexus  
  63  13:15  Probe  
  63  13:16  Probe  
  65  13:32  Stalker x4, Pylon  
  65  13:33  Stalker x2  
  77  13:35  Probe  
  77  13:38  Probe  
  79  13:43  Probe  
  80  14:08  Probe x2  
  70  14:20  Probe x2  
  51  14:45  Probe x3  
  54  14:54  Sentry  
  54  14:57  Probe x2  
  54  14:59  Nexus  
  58  15:05  Photon Cannon  
  58  15:11  Probe x2  
  60  15:16  Pylon  
  60  15:17  Probe  
  61  15:23  Probe x2  
  63  15:29  Probe  
  63  15:33  Immortal  
  63  15:35  Probe  
  41  16:10  Zealot x4  
  19  16:34  Stalker  
Show
View Real Time Build Order
Export as new Build Order

RyderB Zerg - Winner!

Build Orders: Hatch First 

Get SALT Encoding   

  12  0:08  Drone  
  13  0:27  Overlord  
  13  0:49  Drone x2, Hatchery  
  14  0:55  Drone  
  15  1:02  Drone  
  16  1:14  Spawning Pool  
  15  1:19  Drone  
  15  1:20  Extractor  
  15  1:23  Drone  
  17  1:40  Drone  
  17  1:43  Drone  
  18  2:02  Queen  
  18  2:03  Queen  
  18  2:05  Zergling x4  
  24  2:12  Drone x2  
  26  2:18  Drone  
  27  2:27  Overlord, Drone  
  28  2:31  Metabolic Boost  
  28  2:38  Evolution Chamber, Drone  
  28  2:46  Queen  
  30  3:05  Drone x4  
  32  3:06  Drone x2  
  36  3:16  Overlord  
  36  3:19  Overlord  
  36  3:22  Overlord  
  36  3:41  Drone x5  
  38  3:42  Zergling x2  
  42  3:49  Zerg Melee Weapons Level 1  
  42  3:51  Lair  
  42  3:59  Extractor  
  41  4:08  Drone x3  
  41  4:09  Drone  
  45  4:10  Extractor  
  45  4:11  Hatchery  
  43  4:19  Extractor  
  41  4:34  Overlord  
  41  4:38  Drone x3  
  44  4:40  Drone x6  
  44  4:42  Extractor  
  47  5:07  Drone x3  
  47  5:08  Drone x2  
  52  5:16  Spire  
  52  5:18  Overseer  
  52  5:20  Overseer  
  51  5:22  Zergling x4  
  51  5:23  Zergling x8  
  51  5:26  Drone  
  51  5:27  Queen  
  60  5:40  Drone x2  
  60  5:41  Drone x5  
  67  5:43  Spine Crawler  
  67  5:44  Zerg Melee Weapons Level 2  
  66  5:53  Drone x5  
  71  5:59  Overlord x2  
  70  6:23  Extractor  
  69  6:30  Mutalisk x6  
  69  6:31  Mutalisk x2  
  85  6:34  Zergling x2, Hatchery  
  85  6:35  Zergling x8  
  85  6:39  Zerg Flyer Weapons Level 1  
  89  6:40  Overlord  
  89  6:41  Overlord  
  89  7:09  Mutalisk x4  
  97  7:17  Mutalisk  
  97  7:20  Mutalisk  
  101  7:28  Mutalisk  
  101  7:30  Zergling x6  
  104  7:44  Drone x2  
  106  7:45  Overlord x3  
  106  7:47  Overlord  
  106  7:50  Mutalisk x3, Hatchery  
  111  7:51  Zergling x2  
  106  8:12  Mutalisk x2  
  104  8:13  Mutalisk  
  104  8:14  Zergling x4  
  109  8:23  Zergling x6  
  109  8:24  Zergling x12  
  118  8:40  Mutalisk x4  
  126  8:42  Zergling x2  
  127  8:53  Drone x4  
  127  8:54  Drone x2  
  133  8:57  Zerg Flyer Weapons Level 2  
  133  9:00  Zerg Ground Armor Level 1  
  133  9:07  Drone x3  
  136  9:11  Zergling x8  
  140  9:48  Overlord  
  140  9:49  Overlord x2  
  140  9:53  Drone x2  
  142  10:03  Infestation Pit  
  142  10:04  Drone x5  
  146  10:11  Extractor  
  145  10:14  Extractor  
  144  10:22  Zergling x2  
  144  10:23  Zergling x32  
  161  10:29  Overlord x2  
  159  10:55  Drone x3  
  159  10:56  Drone x3  
  165  11:03  Hive  
  165  11:04  Zerg Ground Armor Level 2  
  162  11:20  Zergling x6  
  162  11:21  Zergling x24  
  162  11:22  Hatchery  
  176  11:36  Queen  
  178  11:53  Evolution Chamber  
  142  12:33  Overlord x3  
  129  12:51  Zerg Melee Weapons Level 3  
  129  12:52  Adrenal Glands  
  129  12:53  Ultralisk Cavern  
  128  13:19  Overseer  
  128  13:20  Overseer, Overlord x2  
  128  13:25  Zerg Ground Armor Level 3  
  128  13:39  Ultralisk x2  
  128  13:40  Ultralisk x10  
  200  13:43  Chitinous Plating  
  196  14:22  Ultralisk  
  196  14:24  Ultralisk  
  196  14:26  Drone  
  196  14:27  Ultralisk  
  196  14:30  Ultralisk  
  199  14:35  Ultralisk  
  199  14:38  Ultralisk  
  197  14:40  Ultralisk  
  197  14:44  Zergling x6  
  200  14:57  Baneling Nest  
  200  15:00  Zergling x2  
  200  15:01  Anabolic Synthesis  
  200  15:06  Spine Crawler  
  200  15:07  Spine Crawler  
  198  15:19  Zergling x4  
Tags
 
Add a new tag
Caveats
  • Supply blocks, unpowered buildings, or Contaminate may cause inaccurate times.
  • Supply counts are checked every 10 seconds.